 Dungeon Crawl Stone Soup version 0.18.1-5-g4a78601 (webtiles) character file.

168 mopl the Sneak (level 5, -5/31 HPs)
             Began as a High Elf Enchanter on May 11, 2016.
             Was a Follower of Dithmenos.
             Slain by an ogre
             ... wielding a +0 giant club
              (12 damage)
             ... on level 4 of the Dungeon.
             The game lasted 00:03:56 (2019 turns).

mopl the Sneak (High Elf Enchanter)                 Turns: 2019, Time: 00:03:57

Health: -5/31      AC:  3    Str:  7    XL:     5   Next: 23%
Magic:  2/11       EV: 13    Int: 18    God:    Dithmenos [*.....]
Gold:   142        SH:  0    Dex: 17    Spells: 4 memorised, 1 level left

rFire  + . .     SeeInvis .     a - +1 dagger
rCold  . . .     Gourm    .     b - +1 robe
rNeg   . . .     Faith    .     (no shield)
rPois  .         Spirit   .     (no helmet)
rElec  .         Dismiss  .     (no cloak)
rCorr  +         Reflect  .     (no gloves)
SustAt .         Harm     .     (no boots)
MR     .....                    (no amulet)
Stlth  +++.......               q - ring of protection from fire
                                j - ring of resist corrosion

@: very slightly contaminated, wreathed by umbra, not resistant to hostile
enchantments, fairly stealthy
A: no striking features
a: Renounce Religion


You were on level 4 of the Dungeon.
You worshipped Dithmenos.
Dithmenos was aware of your devotion.
You were hungry.

You visited 1 branch of the dungeon, and saw 4 of its levels.

You collected 142 gold pieces.

Inventory:

Hand Weapons
 a - a +1 dagger (weapon)
 p - a +0 short sword of venom
Missiles
 e - 8 tomahawks (quivered)
Armour
 b - a +1 robe (worn)
Jewellery
 j - a ring of resist corrosion (left hand)
 q - a ring of protection from fire (right hand)
Scrolls
 g - 3 scrolls of noise {unknown}
 h - 3 scrolls of identify {unknown}
 l - a scroll of magic mapping {unknown}
 r - a scroll of remove curse {unknown}
Potions
 i - a potion of magic {unknown}
 o - a potion of degeneration {unknown}
Books
 c - a book of Maledictions

   Spells                             Type                      Level
   a - Corona                         Hexes                        1
   b - Ensorcelled Hibernation        Hexes/Ice                    2
   c - Confuse                        Hexes                        3
   d - Tukima's Dance                 Hexes                        3
   e - Dazzling Spray                 Conjuration/Hexes            3
Comestibles
 d - 4 bread rations
 f - 8 fruits
 k - a beef jerky
 m - a meat ration
 n - a chunk of flesh


   Skills:
 + Level 2.1 Short Blades
 - Level 2.1 Dodging
 * Level 4.6 Stealth
 + Level 3.3 Spellcasting
 * Level 4.2 Hexes
 + Level 1.2 Ice Magic


You had one spell level left.
You knew the following spells:

 Your Spells              Type           Power        Failure   Level  Hunger
a - Corona                Hex            ###....      2%          1    None
b - Ensorcelled Hibernat  Hex/Ice        ##....       10%         2    ##.....
c - Confuse               Hex            ###.....     10%         3    ###....
d - Tukima's Dance        Hex            ###.....     10%         3    ###....


Dungeon Overview and Level Annotations

Branches:
Dungeon (4/15)
 Temple: D:4-7

Altars:
Dithmenos
Pakellas


Message History

Aiming: Confuse
Press: ? - help, Shift-Dir - straight line, f/p - ogre
Aim: an ogre, wielding a giant club (almost dead, chance to defeat MR: 49%)
You miscast Confuse.
You are very lightly contaminated with residual magic.
Your skin glows momentarily.
Unknown command.
Casting: Confuse
Confirm with . or Enter, or press ? or * to list all spells.
Aiming: Confuse
Press: ? - help, Shift-Dir - straight line, f/p - ogre
Aim: an ogre, wielding a giant club (almost dead, umbra, chance to defeat MR: 49%)
The ogre resists with some effort.
The ogre hits you with a giant club!
* * * LOW HITPOINT WARNING * * *
Unknown command.
There is a stone staircase leading up here.
You barely miss the ogre.
The ogre is almost dead.
The ogre hits you with a giant club!
You die...

### #@# #O# #.#
#.# #.#
#.############
#............###
#########......##
#........


You could see an ogre.

Vanquished Creatures
  Jessica (D:2)
  Ijyb (D:2)
  3 gnolls (D:3)
  2 adders (D:3)
  4 worms
  2 dart slugs (D:1)
  3 giant geckos
  An orc (D:3)
  3 goblins
  5 hobgoblins
  2 jackals (D:3)
  7 kobolds
  A ball python (D:1)
  10 bats
  A giant gecko zombie (D:3)
  5 giant newts
  9 rats
60 creatures vanquished.

Notes
Turn   | Place    | Note
--------------------------------------------------------------
     0 | D:1      | mopl the High Elf Enchanter began the quest for the Orb.
     0 | D:1      | Reached XP level 1. HP: 11/11 MP: 4/4
   103 | D:1      | Reached XP level 2. HP: 12/17 MP: 4/6
   110 | D:1      | Learned a level 2 spell: Ensorcelled Hibernation
   725 | D:2      | Noticed Ijyb
   732 | D:2      | Killed Ijyb
   732 | D:2      | Reached XP level 3. HP: 18/21 MP: 5/8
   740 | D:2      | Learned a level 3 spell: Confuse
   870 | D:2      | Found a shadowy altar of Dithmenos.
   877 | D:2      | Became a worshipper of Dithmenos the Shadowed
   919 | D:2      | Noticed Jessica
   926 | D:2      | Killed Jessica
   926 | D:2      | Reached skill level 4 in Stealth
   926 | D:2      | Reached skill level 3 in Spellcasting
   926 | D:2      | Reached XP level 4. HP: 27/27 MP: 6/9
   931 | D:2      | Learned a level 3 spell: Tukima's Dance
   978 | D:2      | Reached skill level 1 in Ice Magic
  1333 | D:3      | Reached skill level 2 in Short Blades
  1582 | D:3      | Reached skill level 4 in Hexes
  1611 | D:3      | Reached * piety under Dithmenos
  1694 | D:3      | Found an oddly glowing altar of Pakellas.
  1752 | D:3      | Reached XP level 5. HP: 29/31 MP: 7/10
  1993 | D:4      | Noticed an ogre
  2019 | D:4      | Slain by an ogre

Skill      XL: |  1  2  3  4 |
---------------+-------------+-----
Stealth        | 4 |  4.6
Spellcasting   | 3 |  3.3
Ice Magic      | 1 |  1.2
Short Blades   | 2 |  2.1
Hexes          | 4 |  4.2
Dodging        | |  2.1

Action                   |  1- 3 |  4- 6 || total
-------------------------+-------+-------++-------
Melee: Dagger            |    63 |   115 ||   178
 Cast: Corona            |     1 |     2 ||     3
       Ensorcelled Hiber |     2 |    17 ||    19
       Confuse           |       |     1 ||     1
 Stab: Sleeping          |    12 |    18 ||    30
  Eat: Chunk             |       |     4 ||     4
Armor: Robe              |     7 |    18 ||    25
Dodge: Dodged            |    30 |    84 ||   114
